Map: Romanticide LE

Players

PartinG - Winner!

  • Race: Protoss Protoss
  • League: Grandmaster
  • Spawn Location: 11:00

Maru

  • Race: Terran Terran
  • League: Master
  • Spawn Location: 5:00

Event: TSL 6

VOD

Have the link to the VOD?

Description

Time

  • Played on: Dec. 12, 2020, 2:33 a.m.
  • Length: 10:26

All games in this series

Show
View Real Time Build Order
Export as new Build Order

PartinG Protoss - Winner!

Build Orders: 1 Gate Expand, Blink Stalkers 

Get SALT Encoding   

  12  0:00  Probe  
  13  0:12  Probe  
  14  0:17  Pylon  
  14  0:24  Probe  
  15  0:35  Gateway  
  15  0:37  Probe (Chrono Boost)  
  16  0:47  Assimilator, Probe (Chrono Boost)  
  17  0:52  Probe (Chrono Boost)  
  18  1:04  Probe  
  19  1:16  Probe  
  20  1:22  Cybernetics Core  
  20  1:33  Nexus  
  20  1:41  Pylon  
  20  1:43  Probe  
  21  1:48  Assimilator  
  21  1:55  Adept (Chrono Boost)  
  21  1:59  Probe  
  24  2:05  Shield Battery  
  24  2:11  Probe  
  25  2:16  Warp Gate  
  25  2:17  Stalker (Chrono Boost)  
  27  2:23  Probe  
  28  2:33  Twilight Council  
  28  2:36  Probe  
  29  2:52  Probe x2  
  29  2:58  Robotics Facility  
  31  3:04  Probe  
  31  3:05  Probe  
  33  3:09  Blink (Chrono Boost)  
  33  3:16  Probe  
  33  3:17  Probe  
  35  3:28  Probe  
  35  3:29  Probe  
  35  3:32  Gateway  
  37  3:36  Gateway  
  35  3:42  Probe x2  
  35  3:44  Gateway  
  37  3:49  Observer (Chrono Boost)  
  37  3:55  Probe  
  39  3:56  Probe  
  39  3:57  Gateway  
  40  4:07  Warp Prism (Chrono Boost), Pylon  
  42  4:12  Stalker  
  42  4:16  Pylon  
  44  4:19  Probe x2  
  44  4:22  Assimilator  
  46  4:28  Stalker  
  46  4:30  Stalker  
  50  4:34  Pylon  
  50  4:42  Probe x2  
  51  4:57  Stalker x4  
  51  4:59  Stalker  
  61  5:01  Observer  
  61  5:06  Pylon  
  62  5:22  Stalker x2  
  62  5:23  Stalker x2  
  70  5:30  Stalker  
  70  5:33  Probe x2  
  74  5:47  Pylon  
  74  5:52  Stalker x2  
  76  5:57  Stalker  
  76  6:04  Stalker  
  74  6:12  Stalker  
  74  6:20  Assimilator  
  74  6:25  Pylon  
  66  6:45  Stalker x5  
  74  6:47  Probe x2  
  76  6:59  Probe x2  
  78  7:01  Nexus  
  76  7:11  Stalker x2  
  76  7:12  Stalker x3  
  82  7:28  Probe x2  
  82  7:35  Templar Archives  
  82  7:37  Stalker x3, Observer  
  82  7:38  Stalker  
  82  7:41  Stalker  
  82  7:43  Pylon  
  90  7:45  Probe x2  
  90  7:46  Pylon  
  90  7:49  Pylon  
  88  8:02  Stalker x4  
  96  8:06  Stalker  
  96  8:12  Charge (Chrono Boost)  
  95  8:15  Psionic Storm  
  95  8:19  Probe  
  92  8:20  Probe  
  92  8:22  Probe  
  92  8:23  Gateway  
  92  8:25  Gateway  
  94  8:29  Forge  
  94  8:36  Observer  
  89  8:49  Zealot x3  
  89  8:50  Zealot x2  
  89  9:11  Gateway  
  89  9:13  High Templar  
  89  9:14  Zealot x3, Gateway  
  89  9:17  High Templar  
  99  9:24  Observer  
  99  9:25  Probe x2  
  99  9:26  Observer  
  99  9:29  Assimilator  
  99  9:30  Assimilator  
  102  9:36  Zealot x3, High Templar  
  102  9:37  Zealot  
  112  9:39  Probe x3  
  115  9:55  Zealot x2  
  115  9:57  Pylon  
  119  10:07  Zealot x5  
  119  10:08  Zealot x2  
  119  10:11  Pylon  
  124  10:23  Archon  
Show
View Real Time Build Order
Export as new Build Order

Maru Terran 

Build Orders:  

Get SALT Encoding   

  12  0:00  SCV  
  13  0:12  SCV  
  14  0:16  Supply Depot  
  14  0:24  SCV  
  15  0:38  SCV  
  15  0:39  Barracks  
  15  0:42  Refinery  
  16  0:50  SCV  
  17  1:02  SCV  
  18  1:14  SCV  
  19  1:26  Orbital Command, Marine  
  20  1:46  Command Center  
  20  1:47  Barracks Reactor  
  20  1:52  SCV  
  21  1:58  Supply Depot  
  21  2:04  SCV  
  22  2:11  Bunker  
  22  2:16  SCV  
  23  2:23  Marine x2  
  23  2:28  SCV  
  26  2:39  Command Center  
  26  2:43  Marine  
  27  2:44  Marine  
  27  2:50  SCV  
  29  2:59  Factory  
  29  3:02  SCV  
  30  3:06  Orbital Command  
  30  3:10  Marine  
  30  3:11  Marine  
  31  3:15  SCV  
  30  3:27  SCV  
  30  3:29  Marine  
  32  3:39  Barracks, SCV  
  32  3:40  SCV  
  34  3:44  Refinery  
  34  3:46  Marine  
  34  3:47  Marine  
  36  3:51  SCV  
  36  3:52  SCV  
  36  3:55  Factory Tech Lab  
  38  3:57  Orbital Command  
  38  4:04  SCV, Marine  
  38  4:05  Marine  
  38  4:06  SCV  
  42  4:13  Siege Tank  
  42  4:16  SCV  
  46  4:18  SCV  
  46  4:20  Bunker  
  47  4:24  Marine x2  
  47  4:25  SCV  
  47  4:28  SCV  
  47  4:30  Barracks Tech Lab  
  51  4:32  SCV  
  51  4:37  Supply Depot  
  52  4:41  SCV x2  
  52  4:42  Marine x2  
  52  4:44  SCV  
  57  4:46  Siege Tank  
  60  4:53  Barracks  
  60  4:55  SCV  
  61  5:00  SCV  
  61  5:02  Supply Depot  
  61  5:04  Marine x2  
  61  5:06  Marauder  
  66  5:11  Supply Depot  
  66  5:14  Orbital Command  
  65  5:22  Marine  
  65  5:24  Siege Tank  
  65  5:26  Marine  
  70  5:29  Barracks Tech Lab  
  70  5:30  SCV  
  70  5:33  SCV  
  71  5:37  Engineering Bay  
  71  5:42  SCV  
  72  5:43  Barracks Tech Lab, SCV  
  72  5:45  SCV  
  73  5:53  Marine  
  73  5:54  Marauder, SCV  
  73  5:56  SCV  
  76  6:01  Stimpack  
  75  6:04  Terran Infantry Weapons Level 1  
  72  6:17  Marine x4  
  72  6:18  SCV x2  
  77  6:24  SCV  
  78  6:30  SCV x2  
  78  6:35  Siege Tank, Marine x4  
  78  6:36  SCV  
  78  6:37  Bunker  
  81  6:41  Refinery  
  81  6:42  SCV  
  81  6:46  SCV  
  81  6:47  Refinery  
  81  6:50  Supply Depot  
  81  6:51  Supply Depot  
  81  6:52  Marine  
  82  6:57  Marauder, Marine  
  82  6:59  SCV  
  81  7:03  Bunker, Concussive Shells  
  81  7:06  SCV  
  84  7:08  Marauder  
  84  7:10  Marine  
  84  7:12  SCV x2  
  84  7:13  Orbital Command  
  86  7:16  Marine  
  86  7:19  Marauder  
  86  7:22  SCV  
  82  7:28  Marine  
  79  7:30  Marauder  
  79  7:33  SCV  
  79  7:34  SCV, Marine  
  82  7:37  Siege Tank  
  82  7:39  Marine  
  82  7:43  SCV  
  84  7:46  Marine  
  87  7:51  Marauder  
  87  7:53  SCV  
  77  8:01  Marauder, Marine  
  80  8:07  SCV x2  
  80  8:08  SCV  
  80  8:10  Siege Tank  
  83  8:19  SCV  
  81  8:20  Starport  
  81  8:23  SCV x2  
  83  8:32  SCV  
  84  8:35  Combat Shield  
  84  8:36  SCV  
  84  8:37  SCV  
  84  8:38  Marine  
  85  8:43  Marine  
  85  8:44  Marauder, SCV  
  85  8:49  SCV x2  
  83  8:56  SCV  
  83  9:01  SCV x2  
  75  9:06  Orbital Command  
  75  9:08  SCV  
  75  9:09  Starport Reactor  
  76  9:13  SCV  
  76  9:14  Marine x2  
  76  9:15  Marauder x2  
  83  9:20  SCV  
  79  9:25  SCV  
  83  9:31  Siege Tank  
  83  9:32  SCV  
  83  9:35  SCV  
  83  9:37  SCV  
  86  9:44  Missile Turret, SCV  
  85  9:46  Supply Depot x2  
  85  9:48  Medivac x2  
  85  9:51  SCV x2  
  91  9:56  SCV  
  91  9:57  Marine  
  93  10:03  Supply Depot  
  93  10:07  Supply Depot  
  93  10:08  SCV x2  
  93  10:13  Missile Turret  
  103  10:14  Supply Depot  
  103  10:16  Supply Depot  
Tags
 
Add a new tag
Caveats
  • Supply blocks, unpowered buildings, or Contaminate may cause inaccurate times.
  • Supply counts are checked every 10 seconds.